 Dungeon Crawl Stone Soup version 0.26-a0-154-g3d63440f56 (webtiles) character file.

Game seed: 9816495568528221491

74 Lauz the Conjurer (level 4, 0/24 HPs)
             Began as a Deep Elf Conjurer on June 30, 2020.
             Slain by Crazy Yiuf
             ... wielding a +3 quarterstaff of chaos
              (17 damage)
             ... on level 2 of the Dungeon.
             The game lasted 00:05:59 (2345 turns).

Lauz the Conjurer (Deep Elf Conjurer)               Turns: 2345, Time: 00:06:00

Health: 0/24       AC:  2    Str:  5    XL:     4   Next: 10%
Magic:  8/12       EV: 13    Int: 21    God:
Gold:   159        SH:  0    Dex: 15    Spells: 8/11 levels left

rFire    . . .     SeeInvis .   (no weapon)
rCold    . . .     Faith    .   (no shield)
rNeg     . . .     Spirit   .   a - +0 robe
rPois    .         Reflect  .   (no helmet)
rElec    .         Harm     .   (no cloak)
rCorr    .                      (no gloves)
MR       .....                  (no boots)
Stlth    ++........             (no amulet)
HPRegen  0.08/turn              (no ring)
MPRegen  0.13/turn              (no ring)

@: no status effects
A: no striking features
a: no special abilities


You were on level 2 of the Dungeon.
You were not hungry.

You visited 1 branch of the dungeon, and saw 2 of its levels.

You collected 159 gold pieces.

Inventory:

Armour
 a - a +0 robe (worn)
Jewellery
 d - a +6 ring of intelligence {unknown}
Scrolls
 b - a scroll of teleportation {unknown}
 f - a scroll of immolation {unknown}
 g - 2 scrolls of amnesia {unknown}
 i - a scroll of fear {unknown}
 j - 3 scrolls of identify {unknown}
 n - a scroll of enchant armour {unknown}
Potions
 e - a potion of curing {unknown}
 h - 2 potions of mutation {unknown}
 k - a potion of invisibility {unknown}
 l - a potion of flight {unknown}
 m - 2 potions of heal wounds {unknown}
 o - a potion of degeneration {unknown}
 p - 2 potions of ambrosia {unknown}
Comestibles
 c - 4 rations


   Skills:
 - Level 2.4 Dodging
 - Level 2.4 Stealth
 + Level 4.0 Spellcasting
 + Level 5.8 Conjurations


You had 8 spell levels left.
You knew the following spells:

 Your Spells              Type           Power        Failure   Level  Hunger
a - Magic Dart            Conj           ####         1%          1    None
b - Searing Ray           Conj           ####..       1%          2    #......

Your spell library contained the following spells:

 Spells                   Type           Power        Failure   Level  Hunger
 Dazzling Flash           Conj/Hex       ###...       11%         3    ###....
 Fulminant Prism          Conj/Hex       ###.......   34%         4    ####...
 Iskenderun's Mystic Bla  Conj/Tloc      ###.....     34%         4    ####...


Dungeon Overview and Level Annotations

Branches:
Dungeon (2/15)

Altars:

Annotations:
D:2 Crazy Yiuf


Message History

Crazy Yiuf shouts!
As you open the door, it creaks loudly!
Casting: Magic Dart (safe; 1% risk of failure)
Confirm with . or Enter, or press ? or * to list all spells.
Aiming: Searing Ray (safe; 1% risk of failure)
Press: ? - help, Shift-Dir - straight line, f - Crazy Yiuf
Aim: Crazy Yiuf, wielding a +3 quarterstaff of chaos and wearing a +0 cloak The searing ray hits Crazy Yiuf.
Crazy Yiuf is moderately wounded. (Press . to maintain the ray.) Crazy Yiuf whimpers, "Defame snockshim mumblescurry!"
Crazy Yiuf barely misses you.
The searing ray hits Crazy Yiuf.
Crazy Yiuf is heavily wounded.
Crazy Yiuf closely misses you.
The searing ray misses Crazy Yiuf.
Crazy Yiuf hits you with a +3 quarterstaff of chaos!
You are electrocuted!
Ouch! That really hurt!
You die...

..##....###.###################.#
..##....# #.# #..............#
..##.#### #.# #...#..........#
..##....# ### ##############.#
..###.### #.......# ..# #..#
#.#####.# ### #..##### ###
#........ #####.....P## ###..)#
######### .....#......####@g...#
#........ ...........P.#..##...#
#.####### .....<....P.#.### ###
#.#...... ........#######
#.#.##### ........# #.#.#.#..
........##### ###########.#.#.#.#
.####.....#.###.............#..).
.# #.....#.##....#######.#.#.#.#
.# #.....#.##....# #.#.....#


You could see Crazy Yiuf.

Vanquished Creatures
  2 adders (D:2)
  3 worms (D:2)
  A dart slug (D:1)
  2 leopard geckos
  2 ball pythons
  7 bats
  3 giant cockroaches
  5 goblins
  7 hobgoblins
  A kobold (D:1)
  2 quokkas (D:2)
  2 frilled lizards
  5 rats
42 creatures vanquished.

Notes
Turn   | Place    | Note
-------+----------+-------------------------------------------
     0 | D:1      | Lauz the Deep Elf Conjurer began the quest for the Orb.
     0 | D:1      | Reached XP level 1. HP: 10/10 MP: 6/6
   187 | D:1      | Reached XP level 2. HP: 14/15 MP: 5/8
   349 | D:1      | Reached skill level 5 in Conjurations
   908 | D:2      | Reached XP level 3. HP: 19/19 MP: 7/9
  1245 | D:2      | Learned a level 2 spell: Searing Ray
  1965 | D:2      | Reached XP level 4. HP: 24/24 MP: 6/11
  2233 | D:2      | Found a runed translucent door.
  2234 | D:2      | Noticed Crazy Yiuf
  2345 | D:2      | Slain by Crazy Yiuf

Illustrated notes

Levels and vault maps discovered:
D:1:      moated_graveyard_arrival, layout_basic, serial_glass, glass_columns_c,
          glass_columns_a
D:2:      layout_basic, roderic_roman_lattice, uniq_crazy_yiuf_cottage

Skill      XL: |  1  2  3  4 |
---------------+-------------+-----
Conjurations   | 5 |  5.8
Spellcasting   | 4 |  4.0
Dodging        | |  2.4
Stealth        | |  2.4

Action                   |  1- 3 |  4- 6 || total
-------------------------+-------+-------++-------
 Cast: Magic Dart        |    66 |     7 ||    73
       Searing Ray       |     3 |     1 ||     4
  Eat: Chunk             |     2 |     2 ||     4
Dodge: Dodged            |     1 |     2 ||     3

Table legend:
 A = Non-vault XP
 B = Vault XP
 C = Vault XP percentage of total XP
 D = Non-vault monster count
 E = Vault monster count
 F = Vault count percentage of total count
                 A         B        C        D         E       F
            +---------+---------+-------+---------+---------+-------
      Total |     107 |       0 |   0.0 |      42 |       0 |   0.0
            +---------+---------+-------+---------+---------+-------
        D:1 |      38 |       0 |   0.0 |      21 |       0 |   0.0
        D:2 |      69 |       0 |   0.0 |      21 |       0 |   0.0
            +---------+---------+-------+---------+---------+-------
